 Dungeon Crawl Stone Soup version 0.28-a0-779-g3d1f99b579 (webtiles) character file.

Game seed: 1016121164175923060

8341 funkygono the Arsonist (level 11, -8/56 HPs)
             Began as a Gargoyle Fire Elementalist on Nov 2, 2021.
             Was a Believer of Vehumet.
             Mangled by a catoblepas (19 damage)
             ... on level 1 of the Lair of Beasts.
             The game lasted 00:23:38 (12107 turns).

funkygono the Arsonist (GrFE)                      Turns: 12107, Time: 00:23:39

Health: -8/56      AC: 21    Str: 11    XL:     11   Next: 29%
Magic:  1/25       EV: 12    Int: 20    God:    Vehumet [**....]
Gold:   490        SH:  0    Dex: 10    Spells: 20/31 levels left

rFire   + . .      SeeInvis .   m - +2 mace (drain)
rCold   x . .      Faith    .   (no shield)
rNeg    + . .      Spirit   .   C - +0 steam dragon scales
rPois   ∞          Reflect  .   h - +1 helmet
rElec   +          Harm     .   (no cloak)
rCorr   .          Rampage  .   (no gloves)
Will    .....                   k - +1 pair of boots
Stlth   ++........              (no amulet)
HPRegen 0.18/turn               f - ring of fire
MPRegen 0.19/turn               x - +4 ring of protection

@: no status effects
A: sickness immunity, AC +8, negative energy resistance 1, electricity
resistance, torment resistance 1, petrification resistance
a: Renounce Religion


You were on level 1 of the Lair of Beasts.
You worshipped Vehumet.
Vehumet was pleased with you.
You visited 3 branches of the dungeon, and saw 11 of its levels.
You also visited: Ossuary.

You collected 490 gold pieces.

Inventory:

Hand Weapons
 i - a +0 whip
 m - a +2 mace of draining (weapon)
Missiles
 b - 225 stones
Armour
 h - a +1 helmet (worn)
 k - a +1 pair of boots (worn)
 u - the +0 robe "Feciot" {+Blink MP+9}
   (You found it on level 6 of the Dungeon)

   MP:        It affects your magic capacity (+9).
   +Blink:    It lets you blink.
 C - +0 steam dragon scales (worn)
Jewellery
 f - a ring of fire (left hand)
 x - a +4 ring of protection (right hand)
 B - a +6 ring of strength
Wands
 e - a wand of acid (24)
 r - a wand of digging (5)
 y - a wand of flame (15)
 N - a wand of charming (7)
Scrolls
 a - a scroll of fog
 c - 3 scrolls of fear
 n - 7 scrolls of teleportation
 q - a scroll of magic mapping
 D - a scroll of summoning
 G - a scroll of amnesia
 H - a scroll of blinking
Potions
 g - 2 potions of flight
 j - 6 potions of curing
 o - 2 potions of cancellation
 p - 2 potions of lignification
 t - 2 potions of brilliance
 z - 2 potions of invisibility
 E - a potion of might
 F - a potion of mutation {unknown}
 K - a potion of haste {unknown}
 M - a potion of ambrosia


   Skills:
 + Level 1.5 Fighting
 + Level 1.0 Maces & Flails
 + Level 2.3 Dodging
 - Level 2.1 Stealth
 * Level 10.5 Spellcasting
 * Level 7.8 Conjurations
 * Level 11.0 Fire Magic
 * Level 0.7 Earth Magic


You had 20 spell levels left.
You knew the following spells:

 Your Spells              Type           Power      Damage    Failure   Level
a - Foxfire               Conj/Fire      100%       2x1d9     1%          1
b - Scorch                Fire           100%       2d10      1%          2
c - Conjure Flame         Conj/Fire      64%        6-21      1%          3
d - Flame Wave            Conj/Fire      64%        3d11      1%          4
e - Sandblast             Erth           26%        2d8       4%          1

Your spell library contained the following spells:

 Spells                   Type           Power      Damage    Failure   Level
 Frozen Ramparts          Ice            20%        1d4       21%         3
 Inner Flame              Hex/Fire       48%        N/A       1%          3
 Corpse Rot               Necr/Air       20%        N/A       10%         2
 Gell's Gravitas          Tloc           10%        N/A       21%         3
 Lesser Beckoning         Tloc           10%        N/A       21%         3
 Ozocubu's Armour         Ice            10%        N/A       21%         3
 Teleport Other           Tloc           10%        N/A       21%         3
 Dispel Undead            Necr           10%        3d9       54%         4
 Death Channel            Necr           5%         N/A       100%        6
 Ozocubu's Refrigeration  Ice            5%         4d6       100%        7


Dungeon Overview and Level Annotations

Branches:
Dungeon (9/15)             Temple (1/1) D:5            Lair (1/6) D:9
Ossuary (visited)
    Orc: D:9-12

Altars:
Ashenzari
Cheibriados
Dithmenos
Elyvilon
Fedhas
Gozag
Hepliaklqana
Kikubaaqudgha
Makhleb
Nemelex Xobeh
Okawaru
Qazlal
Ru
Sif Muna
Trog
Uskayaw
Vehumet
Wu Jian
Xom
Yredelemnul
Zin
The Shining One

Shops:
D:6 !   D:8 *

Annotations:
D:8 3 runed translucent doors, Asparus's ghost, novice OpCj


Innate Abilities, Weirdness & Mutations

You are immune to sickness and miasma.
Your stone body is resilient. (AC +8)
You are immune to poison.
You resist negative energy. (rN+)
You are resistant to electric shocks. (rElec)
You are resistant to unholy torment.
You are immune to petrification.


Message History

The catoblepas gores you!
Unknown command.
A wave of flame ripples out!
The flame wave engulfs the catoblepas!!
The catoblepas is almost dead.
You finish channelling waves of flame.
The catoblepas breathes a plume of calcifying dust at you.
The blast of calcifying dust hits you but does no damage.
Casting: Flame Wave (dangerous; 1% risk of failure)
Confirm with . or Enter, or press ? or * to list all spells.
You feel a surge of power!
Flames lash the catoblepas.
The catoblepas is almost dead.
The catoblepas's fire resistance burns away.
The catoblepas gores you!
Casting: Scorch (safe; 1% risk of failure)
Confirm with . or Enter, or press ? or * to list all spells.
You feel a surge of power!
Flames lash the catoblepas but do no damage.
The catoblepas breathes a plume of calcifying dust at you.
The blast of calcifying dust hits you but does no damage.
You hit the catoblepas but do no damage.
The catoblepas is almost dead.
The catoblepas completely misses you.
You hit the catoblepas but do no damage.
You drain the catoblepas.
The catoblepas is almost dead.
The catoblepas is no longer more vulnerable to fire.
The catoblepas breathes a plume of calcifying dust at you.
The blast of calcifying dust hits you but does no damage.
The catoblepas gores you!
* * * LOW HITPOINT WARNING * * *
You feel better.
The catoblepas breathes a plume of calcifying dust at you.
The blast of calcifying dust hits you but does no damage.
The catoblepas gores you!
* * * LOW HITPOINT WARNING * * *
You see here a wolf corpse.
Casting: Scorch (safe; 1% risk of failure)
Confirm with . or Enter, or press ? or * to list all spells.
You feel a surge of power!
You conjure some foxfire!
The catoblepas gores you!!
You die...

.....# ..#.. .# ......
#####... #.#
.....###.##..#####.# ##
#..................##.####
#....†..........§........
#....†...................
+....##.####.............
#...#........#.†v........
#...#........#.@§.....##
#...#######P+#.vY......#
##....................#.#
...P.l...P...............
........P.###........#.>.#
#####.†#### ###......#...#
##.# ##P....# ..# ...
##..... .. .... ##.....


You could see a catoblepas (drained, ally target).

Vanquished Creatures
  2 two-headed ogres (D:8)
  A death yak (D:9)
  A komodo dragon (Lair:1)
  Sigmund (D:2)
  8 yaks
  2 wyverns
  2 steam dragons
  2 water moccasins
  An orc warrior (D:5)
  4 ice beasts
  A black bear (D:5)
  A hornet zombie (D:8)
  3 wolves (Lair:1)
  2 centaurs
  3 ogres
  A kobold brigand (D:8)
  6 bullfrogs
  Blork the orc (D:4)
  A water moccasin zombie (D:3)
  A wyvern skeleton (D:7)
  14 killer bees (D:9)
  5 howler monkeys
  A bullfrog zombie (D:5)
  4 centaur zombies
  3 bullfrog skeletons
  4 hounds
  4 jellies
  2 orc priests
  A gnoll shaman (D:4)
  6 iguanas
  3 centaur skeletons (D:7)
  4 orc wizards
  A hell rat (D:9)
  Natasha (thrice) (D:2)
  2 killer bee zombies
  3 hound skeletons
  11 mummies (Ossuary)
  Robin (D:2)
  6 gnolls
  6 adders
  A howler monkey skeleton (D:4)
  A river rat (D:9)
  A shadow imp (D:5)
  3 white imps
  2 adder skeletons (D:4)
  An adder zombie (D:5)
  3 worms
  2 dart slugs (D:3)
  24 orcs
  3 bats
  5 endoplasms
  4 giant cockroaches
  13 goblins
  7 hobgoblins
  8 jackals (D:1)
  4 kobolds
  6 quokkas
  5 ball pythons
  4 frilled lizards
  2 gnoll skeletons (Ossuary)
  3 goblin skeletons (Ossuary)
  A kobold skeleton (Ossuary)
  2 orc skeletons (Ossuary)
  5 rats
  11 rat skeletons (Ossuary)
249 creatures vanquished.

Vanquished Creatures (collateral kills)
  A foxfire (Lair:1)
1 creature vanquished.

Vanquished Creatures (others)
  A kobold brigand (D:8)
  882 foxfires
  3 fungi (Lair:1)
  4 plants (Lair:1)
890 creatures vanquished.

Grand Total: 1140 creatures vanquished

Notes
Turn   | Place    | Note
-------+----------+-------------------------------------------
     0 | D:1      | funkygono the Gargoyle Fire Elementalist began the quest
                  | for the Orb.
     0 | D:1      | Reached XP level 1. HP: 10/10 MP: 3/3
   259 | D:1      | Reached XP level 2. HP: 15/15 MP: 1/5
   262 | D:1      | Learned a level 2 spell: Scorch
  1196 | D:2      | Found a faded altar of an unknown god.
  1203 | D:2      | Reached XP level 3. HP: 19/19 MP: 3/6
  1269 | D:2      | Noticed Robin
  1334 | D:2      | Killed Robin
  1710 | D:2      | Noticed Sigmund
  1718 | D:2      | Killed Sigmund
  1719 | D:2      | Reached skill level 4 in Fire Magic
  1719 | D:2      | Reached XP level 4. HP: 15/24 MP: 0/9
  1719 | D:2      | Reached XP level 5. HP: 18/28 MP: 0/10
  1800 | D:2      | Learned a level 3 spell: Conjure Flame
  1805 | D:2      | Learned a level 4 spell: Flame Wave
  1922 | D:2      | Reached XP level 6. HP: 32/32 MP: 7/11
  1974 | D:2      | Noticed Natasha
  1976 | D:2      | Killed Natasha
  2318 | D:2      | Noticed Natasha
  2323 | D:2      | Killed Natasha
  2685 | D:2      | Noticed Natasha
  2694 | D:2      | Killed Natasha
  3428 | D:3      | Reached skill level 5 in Fire Magic
  3442 | D:3      | Found a glowing golden altar of the Shining One.
  3524 | D:3      | Reached XP level 7. HP: 31/36 MP: 4/13
  4862 | D:4      | Reached skill level 5 in Spellcasting
  5033 | D:4      | Reached skill level 6 in Fire Magic
  5157 | D:5      | Entered Level 5 of the Dungeon
  5157 | D:5      | Found a staircase to the Ecumenical Temple.
  5194 | Temple   | Entered the Ecumenical Temple
  5340 | D:5      | Reached XP level 8. HP: 42/42 MP: 9/15
  5467 | D:5      | Noticed a yak
  5469 | D:5      | Noticed a yak
  5471 | D:5      | Noticed a wyvern
  5485 | D:4      | Killed a yak
  5486 | D:4      | Reached skill level 5 in Conjurations
  5487 | D:4      | Noticed Blork the orc
  5526 | D:4      | Killed Blork the orc
  5739 | D:5      | Killed a wyvern
  5755 | D:5      | Killed a yak
  5756 | D:5      | Reached skill level 7 in Fire Magic
  5772 | D:5      | Reached XP level 9. HP: 33/46 MP: 1/19
  6506 | D:5      | Found a hazy altar of Hepliaklqana.
  6510 | D:5      | Found a stormy altar of Qazlal.
  6514 | D:5      | Found a sacrificial altar of Ru.
  7221 | D:6      | Found a blossoming altar of Fedhas.
  7223 | D:6      | Found a basalt altar of Yredelemnul.
  7325 | D:6      | Found Kocie's Distillery.
  7436 | D:6      | Identified the +0 robe "Feciot" {+Blink MP+9}
  7902 | D:7      | Reached skill level 8 in Fire Magic
  8010 | D:7      | Identified the +1 mace "Eneu" {antimagic, *Rage rPois Int+5
                  | Dex+4}
  8228 | D:7      | Found a radiant altar of Vehumet.
  8234 | D:7      | Became a worshipper of Vehumet
  8256 | D:7      | Found a glowing silver altar of Zin.
  8551 | D:8      | Found a sand-covered staircase.
  8642 | Ossuary  | Entered an ossuary
  8828 | Ossuary  | Reached XP level 10. HP: 51/51 MP: 22/22
  8934 | Ossuary  | Reached * piety under Vehumet
  8934 | Ossuary  | Offered knowledge of Magic Dart by Vehumet.
  9126 | Ossuary  | Reached skill level 1 in Fighting
  9276 | D:8      | Noticed Asparus's ghost (novice OpCj)
  9338 | D:8      | Reached skill level 9 in Fire Magic
  9343 | D:8      | Reached skill level 1 in Maces & Flails
  9544 | D:8      | Noticed a two-headed ogre
  9553 | D:8      | Killed a two-headed ogre
  9703 | D:8      | Found a runed translucent gate.
  9704 | D:8      | Found a runed translucent gate.
  9707 | D:8      | Found a runed translucent gate.
  9767 | D:8      | Found a shimmering altar of Xom.
  9937 | D:8      | Found Tycwoce's Demolitions Depot.
  9956 | D:8      | Offered knowledge of Sandblast by Vehumet.
  9976 | D:8      | Reached ** piety under Vehumet
 10050 | D:8      | Noticed a two-headed ogre
 10057 | D:8      | Killed a two-headed ogre
 10058 | D:8      | Reached skill level 10 in Fire Magic
 10420 | D:8      | Learned a level 1 spell: Sandblast
 10559 | D:9      | Reached skill level 10 in Spellcasting
 10821 | D:9      | Reached XP level 11. HP: 47/56 MP: 21/25
 11042 | D:9      | Noticed a death yak
 11044 | D:9      | Noticed a death yak
 11048 | D:9      | Noticed a death yak
 11055 | D:9      | Killed a death yak
 11069 | D:9      | HP: 2/56 [death yak (17)]
 11453 | D:9      | Found a staircase to the Lair.
 11935 | Lair:1   | Entered Level 1 of the Lair of Beasts
 11981 | Lair:1   | Offered knowledge of Frozen Ramparts by Vehumet.
 12081 | Lair:1   | Reached skill level 11 in Fire Magic
 12088 | Lair:1   | Noticed a catoblepas
 12107 | Lair:1   | Mangled by a catoblepas

Illustrated notes

Levels and vault maps discovered:
D:1:      lightli_arrival_lavapool, layout_rooms
D:2:      layout_loops_corners, hellmonk_ecumenical_altar_run_dry, uniq_sigmund,
          uniq_natasha, uniq_robin
D:3:      layout_loops_corners, mainiacjoe_overflow_catwalk,
          amcnicky_mini_rare_corridor_liquid, minmay_misc_feat_cross
D:4:      layout_rooms, minmay_surrounded, uniq_blork_the_orc
D:5:      cheibrodos_fzero, layout_layer_cave, grunt_temple_overflow_diamond,
          minmay_temple_entry_trees
D:6:      layout_basic, mainiacjoe_overflow_catwalk_spiral, serial_shops, shop,
          hex_medium, minivault_10, minivault_19
D:7:      layout_basic, mainiacjoe_overflow_small_starburst,
          nicolae_vehumet_altar_sigil
D:8:      layout_loops_ring, xom_confusion_cloud, enter_ossuary_3,
          gammafunk_ghost_icy, grunt_decor_one_mirror, st_stairs_7,
          minmay_misc_feat_five, nicolae_blasting_shop
D:9:      layout_long_grid, dpeg_lair_monsters
Temple:   dshaligram_water_room_temple
Lair:1:   beast_lair_carwin_large_1, layout_chaotic_city, lemuel_fruit_tree,
          grunt_megastairs_4

Skill      XL: |  1  2  3  4  5  6  7  8  9 10 11 |
---------------+----------------------------------+-----
Conjurations   | 2 3 4 5 6 7 |  7.8
Spellcasting   | 3 4 5 6 8 10 | 10.5
Fire Magic     | 4 5 6 7 8 10 11 | 11.0
Dodging        | 2 |  2.3
Fighting       | 1 |  1.5
Maces & Flails | 1 |  1.0
Stealth        | |  2.1
Earth Magic    | |  0.7

Action                   |  1- 3 |  4- 6 |  7- 9 | 10-12 || total
-------------------------+-------+-------+-------+-------++-------
Melee: Club              |     9 |     3 |       |       ||    12
       Mace              |       |    15 |    28 |    21 ||    64
 Cast: Foxfire           |    55 |    56 |   264 |   136 ||   511
       Scorch            |     5 |    11 |    39 |    36 ||    91
       Flame Wave        |       |       |       |    14 ||    14
  Use: Scroll            |       |     5 |    13 |     7 ||    25
       Potion            |       |       |     2 |     2 ||     4
Armor: Robe              |    10 |    15 |    14 |     4 ||    43
       Steam dragon scal |       |       |       |    52 ||    52
Dodge: Dodged            |    25 |    21 |    40 |    62 ||   148

Table legend: (Time is in decaauts)
 A = Elapsed time spent in this place.
 B = Non-inter-level travel time spent in this place.
 C = Inter-level travel time spent in this place.
 D = Time resting spent in this place.
 E = Time spent auto-exploring this place.
 F = Levels seen in this place.
 G = Mean time per level.
                   A        B        C        D        E       F      G
               +--------+--------+--------+--------+--------+-----+--------+
         Total |  12136 |  11820 |    316 |   1486 |   8339 |  12 | 1011.3 |
       Dungeon |  11270 |  10979 |    291 |   1416 |   7764 |   9 | 1252.2 |
        Temple |    132 |    109 |     23 |      0 |    100 |   1 |  132.0 |
          Lair |    172 |    172 |      0 |     70 |     36 |   1 |  172.0 |
       Ossuary |    560 |    560 |      0 |      0 |    439 |   1 |  560.0 |
               +--------+--------+--------+--------+--------+-----+--------+

Top non-repeatable levels by time:
     D:8: 1611 daAuts
     D:3: 1544 daAuts
     D:2: 1541 daAuts
     D:5: 1404 daAuts
     D:1: 1293 daAuts
     D:9: 1236 daAuts
     D:4: 1044 daAuts
     D:6: 853 daAuts
     D:7: 740 daAuts
 Ossuary: 560 daAuts
  Lair:1: 172 daAuts
  Temple: 132 daAuts
